 Dungeon Crawl Stone Soup version 0.29-a0-565-g7a16c6de65 (webtiles) character file.

Game seed: 17240260304052761028

793 Johnny the Fighter (level 8, -1/112 HPs)
             Began as a Meteoran Berserker on June 12, 2022.
             Was a Believer of Trog.
             Slain by an ogre
             ... wielding a +0 giant club
              (17 damage)
             ... on level 5 of the Dungeon.
             The game lasted 00:04:27 (2545 turns).

Johnny the Fighter (Meteoran Berserker)             Turns: 2545, Time: 00:04:27

Health: -1/112     AC: 24    Str: 20    XL:     8   Next: 34%
Magic:  9/9        EV:  2    Int:  9    God:    Trog [**....]
Gold:   175        SH:  0    Dex: 14    Spells: 7/7 levels left

rFire   . . .      SeeInvis .   m - +3 quarterstaff (chaos)
rCold   . . .      Faith    .   (shield currently unavailable)
rNeg    . . .      Spirit   .   (body armour currently unavailable)
rPois   +          Reflect  .   (helmet currently unavailable)
rElec   .          Harm     .   (cloak currently unavailable)
rCorr   .          Rampage  .   (gloves currently unavailable)
Will    +....      NoTele   +   (boots currently unavailable)
Stlth   +.........              (no amulet)
HPRegen 0.28/turn               (no ring)
MPRegen 0.11/turn               (no ring)

@: tree-form, on berserk cooldown, slowed, glowing, very slow
A: stationary, stasis, torment immunity, boosted hp, sense surroundings 1,
otherworldly, glowing, explore regen
a: Renounce Religion, Berserk, Trog's Hand


You were on level 5 of the Dungeon.
You worshipped Trog.
Trog was pleased with you.
You were a tree.
You visited 1 branch of the dungeon, and saw 5 of its levels.

You collected 175 gold pieces.

Inventory:

Hand Weapons
 a - a +0 hand axe
 l - a +0 short sword of electrocution
 m - a +3 quarterstaff of chaos (weapon)
Armour
 h - a +0 helmet (melded)
 n - a +1 cloak (melded)
 r - a +0 chain mail (melded)
Wands
 k - a wand of flame (7)
Scrolls
 e - 2 scrolls of identify {unknown}
 f - a scroll of enchant armour {unknown}
 g - 3 scrolls of teleportation {unknown}
 j - a scroll of summoning {unknown}
 p - a scroll of blinking {unknown}
 t - 4 scrolls of noise {unknown}
 u - a scroll of immolation {unknown}
Potions
 c - a potion of attraction {unknown}
 d - a potion of mutation {unknown}
 i - a potion of brilliance {unknown}


   Skills:
 * Level 8.3 Fighting
 + Level 6.9 Axes
 - Level 2.4 Armour
 - Level 2.4 Dodging


You had 7 spell levels left.
You didn't know any spells.
Your spell library contained the following spells:

 Spells                   Type           Power      Damage    Failure   Level
 Gell's Gravitas          Tloc           0%         N/A       77%         3
 Lesser Beckoning         Tloc           0%         N/A       77%         3
 Teleport Other           Tloc           0%         N/A       77%         3


Dungeon Overview and Level Annotations

Branches:
Dungeon (5/15)
 Temple: D:4-7

Altars:
Okawaru
Ru
Uskayaw
Xom


Innate Abilities, Weirdness & Mutations

You are a tree.
Your roots penetrate the ground, keeping you stationary.
You cannot be teleported.
You are immune to unholy pain and torment.
Your maximum health is greatly increased.
Your equipment is partially melded.
You passively map a small area around you.
You are easily found by Zot.
You glow in the dark.
You regain HP and MP as you explore.


Message History

Trog accepts your kill. The kobold hits you but does no damage.
Something hits you but does no damage.
You swing at nothing.
The kobold hits you but does no damage. Something hits you but does no damage.
You miss something. The kobold barely misses you.
The gnoll hits you but does no damage. Something hits you but does no damage.
You bludgeon something!! You freeze something. Trog accepts your kill.
Reactivating autopickup.
You feel a bit more experienced. The kobold hits you but does no damage.
You swing at nothing.
The gnoll hits you but does no damage.
You swing at nothing.
You feel a strong urge to attack something.
The kobold hits you but does no damage. The gnoll hits you with a +0 spear.
* * * LOW HITPOINT WARNING * * *
An ogre comes into view. It is wielding a +0 giant club.
The ogre shouts!
You sock the gnoll! You burn the gnoll.
The gnoll is almost dead.
The kobold hits you but does no damage. The gnoll hits you but does no damage.
You sock the gnoll! You freeze the gnoll.
You kill the gnoll!
Trog accepts your kill.
You feel the effects of Trog's Hand fading.
The kobold hits you but does no damage.
You swing at nothing.
You are no longer berserk.
You are exhausted.
You feel yourself slow down. The kobold hits you but does no damage.
You hit the kobold.
Space warps around the kobold.
You kill the kobold!
Trog accepts your kill. The ogre hits you with a +0 giant club!
* * * LOW HITPOINT WARNING * * *
You barely miss the ogre.
Your skin stops crawling.
You feel less strong-willed. The ogre hits you with a +0 giant club!
* * * LOW HITPOINT WARNING * * *
You barely miss the ogre. The ogre hits you with a +0 giant club!
You die...

..............#.# * ,
................## * , *
,.......)††.......## ..,
#.......?.†.........#..# ,
#..........r..)†.......#
..##...##.#......g...##.###
, .......#.##....#.#....#..#
#........<....###)......##,
, ##.............O♣)......#
, ,
#...........##..)......... ,
............####...........
...........##
#.............#
##.........###..........#...
*##.....................#...
#....#..............#... ,
#....##.........##..##. ,,
##..[ #..<......# ,


You could see an ogre.

Vanquished Creatures
  Sigmund (D:4)
  A water moccasin (D:5)
  A boggart (D:5)
  A necrophage (D:4)
  A howler monkey (D:5)
  A gnoll shaman (D:5)
  3 hounds
  Crazy Yiuf (D:2)
  Terence (D:2)
  2 gnolls (D:5)
  8 adders
  2 ufetubi
  2 dart slugs
  A ball python (D:3)
  4 bats
  4 endoplasms
  10 hobgoblins
  11 jackals
  5 quokkas
  A frilled lizard (D:1)
  7 giant cockroaches
  2 goblins
  4 kobolds
  5 rats
79 creatures vanquished.

Notes
Turn   | Place    | Note
-------+----------+-------------------------------------------
     0 | D:1      | Johnny the Meteoran Berserker began the quest for the Orb.
     0 | D:1      | Reached XP level 1. HP: 19/19 MP: 2/2
    45 | D:1      | Reached XP level 2. HP: 22/26 MP: 3/3
   122 | D:1      | Reached skill level 4 in Fighting
   122 | D:1      | Reached XP level 3. HP: 32/33 MP: 4/4
   473 | D:1      | Found a faded altar of an unknown god.
   489 | D:1      | Glimpsed the power of Zot.
   539 | D:1      | Glimpsed the power of Zot.
   652 | D:2      | Found a hide-covered altar of Uskayaw.
   652 | D:2      | Noticed Terence
   661 | D:2      | Killed Terence
   662 | D:2      | Reached XP level 4. HP: 22/41 MP: 5/5
   820 | D:2      | Reached XP level 5. HP: 43/47 MP: 6/6
   845 | D:2      | Reached skill level 5 in Fighting
   883 | D:2      | Found a runed translucent door.
   884 | D:2      | Noticed Crazy Yiuf
   933 | D:2      | Killed Crazy Yiuf
  1066 | D:2      | Glimpsed the power of Zot.
  1116 | D:2      | Glimpsed the power of Zot.
  1156 | D:2      | Glimpsed the power of Zot.
  1165 | D:2      | Glimpsed the power of Zot.
  1166 | D:2      | Touched by the power of Zot.
  1191 | D:3      | Found a sacrificial altar of Ru.
  1271 | D:3      | Reached ** piety under Trog
  1688 | D:3      | Found a shimmering altar of Xom.
  1691 | D:3      | Reached skill level 5 in Axes
  1853 | D:3      | Glimpsed the power of Zot.
  1896 | D:3      | Reached XP level 6. HP: 41/41 MP: 7/7
  1902 | D:3      | Glimpsed the power of Zot.
  1982 | D:4      | Noticed Sigmund
  1996 | D:4      | Killed Sigmund
  1997 | D:4      | Reached skill level 6 in Fighting
  1997 | D:4      | Reached XP level 7. HP: 58/64 MP: 8/8
  2247 | D:4      | Found an iron altar of Okawaru.
  2317 | D:4      | Reached skill level 7 in Fighting
  2429 | D:4      | Glimpsed the power of Zot.
  2436 | D:5      | Entered Level 5 of the Dungeon
  2458 | D:5      | Noticed a water moccasin
  2464 | D:5      | Noticed Eustachio
  2470 | D:5      | Killed a water moccasin
  2471 | D:5      | Reached XP level 8. HP: 51/74 MP: 9/9
  2476 | D:5      | Noticed Eustachio
  2476 | D:5      | Eustachio changed into Eustachio the boggart
  2480 | D:5      | Killed Eustachio the boggart
  2481 | D:5      | Reached skill level 8 in Fighting
  2519 | D:5      | HP: 3/74 [gnoll shaman/+0 whip (5)]
  2526 | D:5      | HP: 1/74 [gnoll/+0 club[a gnoll shaman] (4)]
  2545 | D:5      | Slain by an ogre

Illustrated notes

Levels and vault maps discovered:
D:1:      shiori_arrival_whats_in_store_for_you, layout_rooms,
          basic_ecumenical_altar, columned_hall_lemuel,
          minmay_misc_feat_diagonals, kennysheep_doodads
D:2:      layout_basic, basic_altar, uniq_terence, uniq_crazy_yiuf_cottage
D:3:      layout_basic, xom_teletrap_fun, nicolae_ru_awakened_eye,
          serial_corexii_hall, corexii_hall_statues_x,
          chequers_hall_statues_corner_a, chequers_hall_statues_corner_a,
          nrook_mini_backslash
D:4:      layout_loops_ring, okawaru_trees_2, uniq_sigmund
D:5:      layout_cave_pools, minmay_temple_entry_drinking_statues,
          portal_sewer_entry_f, uniq_eustachio

Skill      XL: |  1  2  3  4  5  6  7  8 |
---------------+-------------------------+-----
Axes           | 4 5 6 |  6.9
Fighting       | 4 5 6 7 8 |  8.3
Armour         | |  2.4
Dodging        | |  2.4

Action                   |  1- 3 |  4- 6 |  7- 9 || total
-------------------------+-------+-------+-------++-------
Melee: Hand axe          |    58 |    25 |       ||    83
       Punch             |     1 |       |       ||     1
       Quarterstaff      |       |    74 |    74 ||   148
       Short sword       |       |    18 |       ||    18
Invok: Berserk           |     2 |     2 |     2 ||     6
       Trog's Hand       |       |     1 |     4 ||     5
Evoke: Wand              |       |       |     4 ||     4
  Use: Potion            |       |       |     4 ||     4
Armor: Animal skin       |     5 |       |       ||     5
       Leather armour    |     9 |    55 |       ||    64
       Chain mail        |       |    19 |    94 ||   113
       Skin              |       |       |    27 ||    27
Dodge: Dodged            |    44 |    61 |    51 ||   156

Table legend: (Time is in decaauts)
 A = Elapsed time spent in this place.
 B = Non-inter-level travel time spent in this place.
 C = Inter-level travel time spent in this place.
 D = Time resting spent in this place.
 E = Time spent auto-exploring this place.
 F = Levels seen in this place.
 G = Mean time per level.
                   A        B        C        D        E       F      G
               +--------+--------+--------+--------+--------+-----+--------+
         Total |   2632 |   2517 |    115 |    180 |   1674 |   5 |  526.4 |
       Dungeon |   2632 |   2517 |    115 |    180 |   1674 |   5 |  526.4 |
               +--------+--------+--------+--------+--------+-----+--------+

Top non-repeatable levels by time:
     D:2: 952 daAuts
     D:1: 561 daAuts
     D:4: 520 daAuts
     D:3: 473 daAuts
     D:5: 125 daAuts
